 Dungeon Crawl Stone Soup version 0.27-a0-277-g024f7ef292 (webtiles) character file.

Game seed: 7105676450712302446

172 Borgoz the Skirmisher (level 5, -5/34 HPs)
             Began as a Gargoyle Berserker on Feb 5, 2021.
             Was a Believer of Trog.
             Slain by a gnoll
             ... wielding a +0 spear
              (8 damage)
             ... on level 3 of the Dungeon.
             The game lasted 00:01:42 (2306 turns).

Borgoz the Skirmisher (Gargoyle Berserker)          Turns: 2306, Time: 00:01:43

Health: -5/34      AC:  6    Str: 21    XL:     5   Next: 52%
Magic:  5/5        EV: 12    Int:  7    God:    Trog [**....]
Gold:   39         SH:  5    Dex: 10    Spells: 4/4 levels left

rFire    . . .     SeeInvis .   a - +0 mace
rCold    . . .     Faith    .   (no shield)
rNeg     + + .     Spirit   .   b - +0 animal skin
rPois    ∞         Reflect  +   (no helmet)
rElec    +         Harm     .   (no cloak)
rCorr    .         Rampage  .   (no gloves)
Will     .....                  (no boots)
Stlth    +.........             i - amulet of reflection
HPRegen  0.11/turn              g - ring of positive energy
MPRegen  0.09/turn              (no ring)

@: berserk cooldown, slowed, very slow
A: negative energy resistance 1, electricity resistance, unbreathing,
petrification resistance, miasma immunity, AC +4
a: Renounce Religion, Berserk, Trog's Hand


You were on level 3 of the Dungeon.
You worshipped Trog.
Trog was pleased with you.
You visited 1 branch of the dungeon, and saw 3 of its levels.

You collected 39 gold pieces.

Inventory:

Hand Weapons
 a - a +0 mace (weapon)
Armour
 b - a +0 animal skin (worn)
Jewellery
 g - a ring of positive energy (left hand)
 i - an amulet of reflection (around neck)
Scrolls
 c - 5 scrolls of identify {unknown}
 d - a scroll of enchant weapon {unknown}
 e - 3 scrolls of teleportation {unknown}
 f - 3 scrolls of remove curse {unknown}
 h - a scroll of amnesia {unknown}
Potions
 j - a potion of magic {unknown}
 k - a potion of mutation {unknown}


   Skills:
 + Level 4.3 Fighting
 + Level 4.0 Maces & Flails
 + Level 3.5 Armour
 + Level 2.6 Dodging


You had 4 spell levels left.
You didn't know any spells.
Your spell library was empty.

Dungeon Overview and Level Annotations

Branches:
Dungeon (3/15)

Altars:
Makhleb

Annotations:
D:3 Natasha


Innate Abilities, Weirdness & Mutations

You are resistant to torment.
Your stone body is resilient. (AC +4)
You are immune to poison.
You resist negative energy. (rN+)
You are resistant to electric shocks. (rElec)
You can survive without breathing.
You are immune to petrification.
You are immune to miasma.


Message History

You are exhausted.
You feel yourself slow down. You block the orc's attack.
The orc hits you but does no damage. The gnoll closely misses you.
Your Maces & Flails skill increases to level 4!
The orc barely misses you. The gnoll closely misses you.
You see here a +0 leather armour.
You hit the gnoll.
The gnoll is lightly wounded.
The orc barely misses you. x2; The gnoll misses you.
The orc barely misses you. x2
Natasha mumbles some strange words.
The gnoll barely misses you.
You barely miss the gnoll.
The gnoll is lightly wounded.
The orc hits you.
* * * LOW HITPOINT WARNING * * *
The orc barely misses you. The gnoll hits you with a +0 spear.
* * * LOW HITPOINT WARNING * * *
The orc closely misses you. The orc misses you.
The gnoll hits you with a +0 spear!
You die...

#.## ### #####..... #...
... ......... #....#.#
#....# .# #>##.#.#
#....# .#
##.#.#..####†...##.#
....###.#.......$..###..
##<##.......?..)........
.....†..#.......oo###
####.(.#####...)@##
##.## #...#g# #.#
#.?.#h# #.# #####5# #.#
#.# #.# #.# ... ..# #.#
### ..#


You could see Natasha, a gnoll, a crimson imp (summoned) and 2 orcs.

Vanquished Creatures
  A hound (D:2)
  An orc priest (D:3)
  3 gnolls (D:3)
  2 adders (D:3)
  2 worms (D:2)
  A dart slug (D:2)
  2 leopard geckos (D:2)
  2 orcs (D:3)
  A ball python (D:1)
  3 giant cockroaches
  5 goblins
  8 hobgoblins
  5 jackals (D:1)
  9 kobolds
  5 bats
  5 frilled lizards
  3 rats
58 creatures vanquished.

Notes
Turn   | Place    | Note
-------+----------+-------------------------------------------
     0 | D:1      | Borgoz the Gargoyle Berserker began the quest for the Orb.
     0 | D:1      | Reached XP level 1. HP: 14/14 MP: 1/1
    78 | D:1      | Reached XP level 2. HP: 1/19 MP: 2/2
   811 | D:1      | Reached ** piety under Trog
   812 | D:1      | Reached XP level 3. HP: 22/23 MP: 3/3
  1963 | D:2      | Reached XP level 4. HP: 23/29 MP: 4/4
  2064 | D:2      | Found a burning altar of Makhleb.
  2287 | D:3      | Reached XP level 5. HP: 25/33 MP: 5/5
  2293 | D:3      | Noticed Natasha
  2306 | D:3      | Slain by a gnoll

Illustrated notes

Levels and vault maps discovered:
D:1:      dpeg_arrival_ternary, layout_rooms
D:2:      layout_basic, makhleb_heckhound_becter
D:3:      layout_loops_ring, fedhas_altar_3, uniq_natasha

Skill      XL: |  1  2  3  4  5 |
---------------+----------------+-----
Dodging        | 2 |  2.6
Armour         | 3 |  3.5
Fighting       | 4 |  4.3
Maces & Flails | 4 |  4.0

Action                   |  1- 3 |  4- 6 || total
-------------------------+-------+-------++-------
Melee: Mace              |   134 |    51 ||   185
Invok: Berserk           |     1 |     1 ||     2
Armor: Animal skin       |    56 |    11 ||    67
Dodge: Dodged            |   123 |    42 ||   165
Block: Other             |     5 |    18 ||    23

Table legend: (Time is in decaauts)
 A = Elapsed time spent in this place.
 B = Non-inter-level travel time spent in this place.
 C = Inter-level travel time spent in this place.
 D = Time resting spent in this place.
 E = Time spent auto-exploring this place.
 F = Levels seen in this place.
 G = Mean time per level.
                   A        B        C        D        E       F      G
               +--------+--------+--------+--------+--------+-----+--------+
         Total |   2351 |   2270 |     81 |    579 |   1286 |   3 |  783.7 |
       Dungeon |   2351 |   2270 |     81 |    579 |   1286 |   3 |  783.7 |
               +--------+--------+--------+--------+--------+-----+--------+

Top non-repeatable levels by time:
     D:2: 1179 daAuts
     D:1: 1078 daAuts
     D:3: 93 daAuts
